 Dungeon Crawl Stone Soup version 0.29-a0-648-g6b26cc9f40 (webtiles) character file.

Game seed: 16418900222277121653

17 Vylera the Charlatan (level 2, 0/25 HPs)
             Began as a Djinni Wanderer on June 21, 2022.
             Slain by a kobold
             ... wielding a +0 dagger
              (2 damage)
             ... on level 1 of the Dungeon.
             The game lasted 00:01:59 (840 turns).

Vylera the Charlatan (Djinni Wanderer)               Turns: 840, Time: 00:02:00

Health: 0/25       AC:  3    Str: 11    XL:     2   Next: 80%
Gold:   58         EV: 13    Int: 12    God:
                   SH:  0    Dex: 13

rFire   + + .      SeeInvis .   a - +0 dagger
rCold   x . .      Faith    .   (no shield)
rNeg    . . .      Spirit   .   e - +0 robe
rPois   ∞          Reflect  .   (no helmet)
rElec   .          Harm     .   (no cloak)
rCorr   .          Rampage  .   c - +0 pair of gloves
Will    .....                   (boots unavailable)
Stlth   +.........              (no amulet)
HPRegen 0.08/turn               (no ring)
MPRegen 0.00/turn               (no ring)

@: flying
A: sickness immunity, fire resistance 2, cold vulnerability 1, float, innate
caster, HP casting, extra vitality 1
a: no special abilities


You were on level 1 of the Dungeon.
You visited 1 branch of the dungeon, and saw 1 of its levels.

You collected 58 gold pieces.

Inventory:

Hand Weapons
 a - a +0 dagger (weapon)
Armour
 c - a +0 pair of gloves (worn)
 e - a +0 robe (worn)
Scrolls
 g - a scroll of brand weapon {unknown}
 h - a scroll of amnesia {unknown}
Potions
 b - a potion of curing
 d - a potion of invisibility
Miscellaneous
 f - a box of beasts (inert) (quivered)


   Skills:
 - Level 3.0 Fighting
 - Level 3.2 Dodging
 * Level 1.2 Spellcasting
 + Level 4.2 Evocations


You had 3 spell levels left.
You didn't know any spells.
Your spell library was empty.

Dungeon Overview and Level Annotations

Branches:
Dungeon (1/15)

Altars:


Innate Abilities, Weirdness & Mutations

You are immune to sickness and miasma.
You are immune to poison.
Your flesh is very heat resistant. (rF++)
You are vulnerable to cold. (rC-)
You float through the air rather than walking.
You learn spells naturally, not from books.
Your magical power is your life essence.
You have superior vitality. (+4 MHP)


Message History

The kobold hits you but does no damage.
You hit the endoplasm.
The endoplasm is heavily wounded.
The bat barely misses you. The endoplasm freezes you.
You are frozen.
The kobold hits you with a +0 dagger.
You barely miss the endoplasm.
The endoplasm is heavily wounded.
The bat barely misses you. The endoplasm closely misses you.
The kobold completely misses you.
You hit the endoplasm but do no damage.
The endoplasm is heavily wounded.
The bat hits you but does no damage. x2
The endoplasm freezes you.
You are frozen.
You feel a terrible chill!
* * * LOW HITPOINT WARNING * * *
The kobold hits you but does no damage.
You hit the endoplasm but do no damage.
The endoplasm is heavily wounded.
The bat barely misses you. The endoplasm closely misses you.
The kobold hits you with a +0 dagger.
* * * LOW HITPOINT WARNING * * *
Unknown command.
You hit the endoplasm.
You kill the endoplasm!
The bat barely misses you. The kobold hits you but does no damage.
You hit the kobold.
The kobold is severely wounded.
The bat hits you but does no damage. The kobold hits you but does no damage.
You barely miss the kobold.
The kobold is severely wounded.
The bat hits you but does no damage. The kobold closely misses you.
You hit the kobold but do no damage.
The kobold is severely wounded.
The bat barely misses you. The kobold hits you with a +0 dagger.
* * * LOW HITPOINT WARNING * * *
You barely miss the kobold.
The kobold is severely wounded.
The bat hits you but does no damage. The kobold hits you with a +0 dagger.
You die...

##### #...# #...#
###### #####@..#
#....# #...Kb..#
#....# #.......#
#....# #.......#
#....#
#.......#####....#####
#..>.....†............
#.....#####....#######
#.....#...[.##.#####.<
#.......######.##...8.


You could see a bat and a kobold.

Vanquished Creatures
  A dart slug (D:1)
  4 endoplasms (D:1)
  2 goblins (D:1)
  A quokka (D:1)
  2 bats (D:1)
10 creatures vanquished.

Vanquished Creatures (collateral kills)
  An endoplasm (D:1)
  A goblin (D:1)
2 creatures vanquished.

Grand Total: 12 creatures vanquished

Notes
Turn   | Place    | Note
-------+----------+-------------------------------------------
     0 | D:1      | Vylera the Djinni Wanderer began the quest for the Orb.
     0 | D:1      | Vylera set off with the following items: a +0 dagger, a
                  | potion of curing, a +0 pair of gloves, a potion of
                  | invisibility, a +0 robe, a box of beasts.
     0 | D:1      | Reached XP level 1. HP: 20/20 MP: 0/0
   198 | D:1      | Reached XP level 2. HP: 9/25 MP: 0/0
   456 | D:1      | Reached skill level 1 in Spellcasting
   840 | D:1      | Slain by a kobold

Illustrated notes

Levels and vault maps discovered:
D:1:      mrwooster_arrival_statue, layout_basic, serial_shops,
          nicolae_shop_stone

Skill      XL: |  1  2 |
---------------+-------+-----
Spellcasting   | 1 |  1.2
Fighting       | |  3.0
Dodging        | |  3.2
Evocations     | |  4.2

Action                   || total
-------------------------++-------
Melee: Dagger            ||    60
Evoke: Box of beasts     ||     1
Armor: Robe              ||    40
Dodge: Dodged            ||    63

Table legend: (Time is in decaauts)
 A = Elapsed time spent in this place.
 B = Non-inter-level travel time spent in this place.
 C = Inter-level travel time spent in this place.
 D = Time resting spent in this place.
 E = Time spent auto-exploring this place.
 F = Levels seen in this place.
 G = Mean time per level.
                   A        B        C        D        E       F      G
               +--------+--------+--------+--------+--------+-----+--------+
         Total |    840 |    840 |      0 |    451 |    254 |   1 |  840.0 |
       Dungeon |    840 |    840 |      0 |    451 |    254 |   1 |  840.0 |
               +--------+--------+--------+--------+--------+-----+--------+

Top non-repeatable levels by time:
     D:1: 840 daAuts
